 Dungeon Crawl Stone Soup version 0.20.0-8-g6b59dc7 (webtiles) character file.

1082 anfisbena the Cleaver (level 8, 0/77 HPs)
             Began as a Hill Orc Fighter on June 2, 2017.
             Slain by a centaur
             ... wielding a +0 dagger of speed
              (3 damage)
             ... on level 7 of the Dungeon.
             The game lasted 00:06:23 (6282 turns).

anfisbena the Cleaver (Hill Orc Fighter)            Turns: 6282, Time: 00:06:24

Health: 0/77       AC:  7    Str: 19    XL:     8   Next: 30%
Magic:  7/7        EV:  8    Int:  8    God:
Gold:   327        SH:  9    Dex: 12    Spells: 7/7 levels left

rFire    + . .     SeeInvis .   a - +0 war axe
rCold    . . .     Gourm    .   c - +0 shield
rNeg     . . .     Faith    .   b - +0 scale mail
rPois    .         Spirit   .   (no helmet)
rElec    .         Reflect  .   (no cloak)
rCorr    .         Harm     .   (no gloves)
MR       .....                  (no boots)
Stlth    ..........             (no amulet)
Regen    0.3/turn               F - ring of protection from fire
MPRegen  0.1/turn               v - +1 ring of evasion

@: no status effects
A: low mp 1, shaggy fur 1, wild magic 1
a: no special abilities


You were on level 7 of the Dungeon.
You were near starving.

You visited 1 branch of the dungeon, and saw 7 of its levels.

You collected 327 gold pieces.

Inventory:

Hand Weapons
 a - a +0 war axe (weapon)
Armour
 b - a +0 scale mail (worn)
 c - a +0 shield (worn)
Jewellery
 t - an uncursed ring of resist corrosion
 v - a +1 ring of evasion (right hand)
 C - a cursed ring of loudness {unknown}
 F - a ring of protection from fire (left hand)
Wands
 B - a wand of paralysis (8/24)
 D - a wand of polymorph (17/24)
Scrolls
 e - a scroll of random uselessness {unknown}
 h - 3 scrolls of remove curse
 k - a scroll of amnesia {unknown}
 l - 5 scrolls of recharging
 o - 5 scrolls of teleportation
 p - 2 scrolls of fog {unknown}
 r - a scroll of enchant weapon {unknown}
 x - a scroll of identify {unknown}
 y - a scroll of blinking {unknown}
Potions
 d - 3 potions of might
 g - 2 potions of degeneration {unknown}
 j - 2 potions of ambrosia {unknown}
 m - 2 potions of berserk rage {unknown}
 n - a potion of flight {unknown}
 s - a potion of agility {unknown}
 u - a potion of haste {unknown}
 w - 3 potions of lignification {unknown}
 z - 2 potions of curing
 A - a potion of brilliance {unknown}
 E - a potion of heal wounds {unknown}
Comestibles
 f - 5 bread rations
 i - 6 meat rations
 q - 2 royal jellies


   Skills:
 + Level 8.9 Fighting
 + Level 9.1 Axes
 - Level 3.2 Armour
 - Level 3.2 Shields


You had 7 spell levels left.
You didn't know any spells.

Dungeon Overview and Level Annotations

Branches:
Dungeon (7/15)
 Temple: D:4-7

Altars:
Cheibriados
Elyvilon
Fedhas
Gozag
Kikubaaqudgha
Nemelex Xobeh
Okawaru
Sif Muna
Vehumet
Yredelemnul


Innate Abilities, Weirdness & Mutations

Your magical capacity is low. (-10% MP)
You are covered in fur. (AC +1)
Your spells are a little harder to cast, but a little more powerful.


Message History

The centaur barely misses you. You block the centaur's attack.
You closely miss the centaur.
The centaur is almost dead.
The centaur hits you but does no damage.
The centaur hits you with an uncursed dagger of speed.
* * * LOW HITPOINT WARNING * * *
You barely miss the centaur.
The centaur is almost dead.
The centaur hits you with an uncursed dagger of speed.
* * * LOW HITPOINT WARNING * * *
You block the centaur's attack.
The centaur hits you with an uncursed dagger of speed.
* * * LOW HITPOINT WARNING * * *
You closely miss the centaur.
The centaur is almost dead.
You block the centaur's attack. The centaur barely misses you.
Your shield and scale mail prevent you from hitting the centaur.
The centaur is almost dead.
The centaur hits you with an uncursed dagger of speed.
You die...

..... ##.#.# #...# #...#
#..#.# #...#
#...###..#.# #...#
.####..........#####...#
.......................
#.#......(.......#...#
#......((....#.......#
##....(......#.#.#.#.#
#...@####.#.#.#.#.#.#
#..c.# #.#.#.#.#<#.#
##...# #.#.#.....#.#
#...# #.#.###.#.#.#
#...# .# ..#### #..##
### #.. #..


You could see a centaur.

Vanquished Creatures
  A sky beast (D:7)
  A bullfrog (D:7)
  6 killer bees (D:7)
  A crimson imp (D:5)
  A jelly (D:5)
  3 orc priests
  An orc wizard (D:4)
  A hound (D:6)
  A bullfrog skeleton (D:6)
  Terence (D:2)
  7 worker ants
  Ijyb (D:4)
  A worker ant zombie (D:6)
  5 adders
  An ooze (D:2)
  3 worms
  A leopard gecko (D:4)
  22 orcs
  6 bats
  12 giant cockroaches
  12 goblins
  8 hobgoblins
  13 jackals
  10 kobolds
  2 quokkas (D:6)
  A ball python (D:6)
  2 frilled lizards
  A leopard gecko zombie (D:5)
  2 quokka skeletons (D:4)
  10 rats
137 creatures vanquished.

Notes
Turn   | Place    | Note
-------+----------+-------------------------------------------
     0 | D:1      | anfisbena the Hill Orc Fighter began the quest for the Orb.
     0 | D:1      | Reached XP level 1. HP: 19/19 MP: 1/1
   102 | D:1      | Reached skill level 3 in Axes
   209 | D:1      | Reached XP level 2. HP: 27/27 MP: 2/2
   412 | D:1      | Reached XP level 3. HP: 33/33 MP: 3/3
   730 | D:2      | Reached skill level 4 in Axes
  1295 | D:2      | Noticed Terence
  1343 | D:2      | Killed Terence
  1343 | D:2      | Reached skill level 5 in Fighting
  1343 | D:2      | Reached XP level 4. HP: 35/42 MP: 4/4
  1643 | D:2      | Found a deep blue altar of Sif Muna.
  2025 | D:3      | Reached skill level 5 in Axes
  2025 | D:3      | Reached XP level 5. HP: 16/48 MP: 5/5
  2381 | D:3      | Found an opulent altar of Gozag.
  2942 | D:4      | Reached XP level 6. HP: 48/57 MP: 6/6
  3006 | D:4      | Found a sparkling altar of Nemelex Xobeh.
  3021 | D:4      | Reached skill level 6 in Axes
  3171 | D:4      | Noticed Ijyb
  3178 | D:4      | Killed Ijyb
  3659 | D:4      | Found a white marble altar of Elyvilon.
  3660 | D:4      | Found a snail-covered altar of Cheibriados.
  3660 | D:4      | Found a blossoming altar of Fedhas.
  3661 | D:4      | Found a radiant altar of Vehumet.
  3662 | D:4      | Found a basalt altar of Yredelemnul.
  3663 | D:4      | Found an ancient bone altar of Kikubaaqudgha.
  3766 | D:5      | Entered Level 5 of the Dungeon
  3839 | D:5      | Found an iron altar of Okawaru.
  4607 | D:6      | Reached XP level 7. HP: 39/66 MP: 7/7
  4811 | D:6      | Reached skill level 7 in Axes
  5703 | D:7      | Reached skill level 8 in Axes
  5707 | D:7      | Gained mutation: You are covered in fur. (AC +1) [mutagenic meat]
  5708 | D:7      | Gained mutation: Your magical capacity is low. (-10% MP) [mutagenic meat]
  5709 | D:7      | Gained mutation: Your spells are a little harder to cast, but a little more powerful. [mutagenic meat]
  5979 | D:7      | Reached XP level 8. HP: 66/75 MP: 7/7
  6026 | D:7      | Reached skill level 9 in Axes
  6280 | D:7      | HP: 3/77 [centaur/uncursed dagger of speed (6)]
  6282 | D:7      | Slain by a centaur

Skill      XL: |  1  2  3  4  5  6  7  8 |
---------------+-------------------------+-----
Axes           | 3 4 5 6 8 9 |  9.1
Fighting       | 4 5 6 7 8 |  8.9
Armour         | |  3.2
Shields        | |  3.2

Action                   |  1- 3 |  4- 6 |  7- 9 || total
-------------------------+-------+-------+-------++-------
Melee: War axe           |   134 |   214 |   141 ||   489
  Use: Potion            |     1 |       |     1 ||     2
       Scroll            |       |     5 |       ||     5
  Eat: Chunk             |     2 |    10 |     7 ||    19
Armor: Scale mail        |    67 |    71 |    58 ||   196
Dodge: Dodged            |    30 |    52 |    61 ||   143
Block: Shield            |    79 |   101 |    90 ||   270
